 Dungeon Crawl Stone Soup version 0.30-a0-374-g95c0257040 (webtiles) character file.

Game seed: 14616386112743718897

1887 qeuew the Trooper (level 9, -11/72 HPs)
             Began as a Formicid Fighter on Nov 27, 2022.
             Was a Follower of Nemelex Xobeh.
             Mangled by a two-headed ogre
             ... wielding a +0 giant spiked club
              (19 damage)
             ... on level 6 of the Dungeon.
             The game lasted 00:09:25 (5128 turns).

qeuew the Trooper (Formicid Fighter)                Turns: 5128, Time: 00:09:36

Health: -11/72     AC:  9    Str: 26    XL:     9   Next: 37%
Magic:  13/13      EV: 13    Int:  7    God:    Nemelex Xobeh [*.....]
Gold:   235        SH:  6    Dex: 19    Spells: 8/8 levels left

rFire   . . .      SeeInvis +    a - +0 war axe
rCold   . . .      Faith    .    c - +0 buckler
rNeg    . . .      Spirit   .    m - +6 leather armour of Toapuphywet {rPois Will++}
rPois   +          Reflect  .    (helmet unavailable)
rElec   .          Harm     .    (no cloak)
rCorr   .          Rampage  .    (no gloves)
Will    ++...      Clarity  +    (no boots)
Stlth   +.........               (no amulet)
HPRegen 0.32/turn                e - +6 ring of dexterity
MPRegen 0.13/turn                (no ring)

@: no status effects
A: permanent stasis, dig shafts and tunnels, antennae 3, four strong arms,
clarity, noise suppression
a: Dig, Shaft Self, Renounce Religion, Draw Escape, Draw Destruction, Draw
Summoning


You were on level 6 of the Dungeon.
You worshipped Nemelex Xobeh.
Nemelex Xobeh was aware of your devotion.
You visited 1 branch of the dungeon, and saw 6 of its levels.
You also visited: Sewer.

You collected 235 gold pieces.

Inventory:

Hand Weapons
 a - a +0 war axe (weapon)
Armour
 c - a +0 buckler (worn)
 m - the +6 leather armour of Toapuphywet (worn) {rPois Will++}
   (You found it on level 5 of the Dungeon)

   rPois:     It protects you from poison.
   Will:      It greatly increases your willpower.
Jewellery
 e - a +6 ring of dexterity (left hand)
Wands
 k - a wand of mindburst (30)
Scrolls
 g - a scroll of enchant armour
 h - 2 scrolls of fear
 i - 2 scrolls of silence
 p - 2 scrolls of identify
 q - a scroll of vulnerability {unknown}
Potions
 b - a potion of invisibility
 d - a potion of might
 f - a potion of flight
 j - a potion of haste {unknown}
 l - 2 potions of brilliance
 n - a potion of curing
 o - 2 potions of magic


   Skills:
 * Level 7.2 Fighting
 + Level 4.5 Axes
 + Level 5.6 Armour
 + Level 3.5 Dodging
 + Level 6.7 Shields
 * Level 5.5 Invocations
 + Level 2.7 Evocations


You had 8 spell levels left.
You didn't know any spells.
Your spell library contained the following spells:

 Spells                   Type           Power      Damage    Failure   Level
 Magic Dart               Conj           0%         1d3       52%         1
 Call Imp                 Summ           0%         N/A       67%         2
 Mephitic Cloud           Conj/Pois/Air  0%         N/A       88%         3


Dungeon Overview and Level Annotations

Branches:
Dungeon (6/15)             Temple (0/1) D:5           Sewer (visited)

Altars:
Nemelex Xobeh
Vehumet
The Shining One

Shops:
D:2 (

Annotations:
D:3 2 transporters, qeuew's ghost, amateur HOMo
D:5 2 transporters, flotson's ghost, weakling DsDe


Innate Abilities, Weirdness & Mutations

You cannot be hasted, slowed, berserked, paralysed or teleported.
You can dig through walls and to a lower floor.
You have a pair of large antennae on your head. (SInv)
Your four strong arms can wield two-handed weapons with a shield.
You possess an exceptional clarity of mind.
You passively dampen the noise of your surroundings.


Message History

No target in view!
No target in view!
No target in view!
A two-headed ogre comes into view.
It is wielding a +0 giant spiked club and a +0 giant club.
The two-headed ogre shouts in stereo!
Found a stone staircase leading down.
Found a potion of might and a hand axe.
The two-headed ogre barely misses you. You block the two-headed ogre's attack.
You hit the two-headed ogre.
The two-headed ogre is lightly wounded.
The two-headed ogre closely misses you.
The two-headed ogre hits you with a +0 giant club!
You barely miss the two-headed ogre.
The two-headed ogre is lightly wounded.
The two-headed ogre barely misses you.
The two-headed ogre hits you with a +0 giant club!!
You slash the two-headed ogre!
The two-headed ogre is moderately wounded.
You hit the two-headed ogre.
The two-headed ogre is moderately wounded.
The two-headed ogre hits you with a +0 giant spiked club.
The two-headed ogre hits you with a +0 giant club.
You are too injured to fight recklessly!
You are too injured to fight recklessly!
You are too injured to fight recklessly!
You are too injured to fight recklessly!
You are too injured to fight recklessly!
You are too injured to fight recklessly!
You are too injured to fight recklessly!
You are too injured to fight recklessly!
You are too injured to fight recklessly!
You are too injured to fight recklessly!
Unknown command.
You slash the two-headed ogre!
The two-headed ogre is heavily wounded.
The two-headed ogre hits you with a +0 giant spiked club!!
* * * LOW HITPOINT WARNING * * *
The two-headed ogre hits you with a +0 giant club!!
You die...
Your body disappears without a glow.

#~~.~~#
....###.P.~~~~....
###+###
#.#.##.~~~~~~~~...
###.#.##..~♣♣♣♣~~~.. #
###"..#.##P~~♣ ♣P~... .#
###......†...~P♣♣♣♣♣~...
##
.............~~♣~~♣~P...
#
..............P~.÷.~~...
.
......$.....##~PP.....>.
.
.......@.<..###.........
. .......O....#
#....##### #
.....$......# ######
............#
###.........#
#.........# #..>......#
#...!...).#


You could see a two-headed ogre.

Vanquished Creatures
  Eustachio (D:6)
  4 yaks (D:6)
  A water moccasin (D:6)
  A black bear (D:4)
  An ice beast (D:6)
  2 ogres
  A phantom (D:5)
  2 bullfrogs (D:6)
  A necrophage (D:6)
  An electric eel (D:6)
  2 hounds (D:5)
  5 iguanas
  A hell rat (Sewer)
  4 gnolls (D:2)
  5 adders
  A river rat (Sewer)
  A white imp (D:5)
  2 ufetubi
  8 orcs
  8 ball pythons
  3 endoplasms
  A giant cockroach (D:1)
  11 goblins
  6 hobgoblins
  9 jackals
  5 kobolds
  3 quokkas
  10 bats
  3 frilled lizards
  7 rats
110 creatures vanquished.

Vanquished Creatures (others)
  A quokka (D:2)
  22 plants
23 creatures vanquished.

Grand Total: 133 creatures vanquished

Notes
Turn   | Place    | Note
-------+----------+-------------------------------------------
     0 | D:1      | qeuew the Formicid Fighter began the quest for the Orb.
     0 | D:1      | Reached XP level 1. HP: 18/18 MP: 1/1
    66 | D:1      | Reached XP level 2. HP: 24/24 MP: 2/2
   300 | D:1      | Reached XP level 3. HP: 19/30 MP: 3/3
   580 | D:1      | Found a faded altar of an unknown god.
   984 | D:2      | Reached skill level 1 in Dodging
  1046 | D:2      | Reached XP level 4. HP: 33/37 MP: 4/4
  1050 | D:2      | Reached skill level 4 in Fighting
  1060 | D:2      | Reached XP level 5. HP: 25/42 MP: 5/5
  1428 | D:2      | Found Xafebly's Weapon Shop.
  2122 | D:3      | Found a transporter.
  2126 | D:3      | Noticed qeuew's ghost (amateur HOMo)
  2152 | D:3      | Found a transporter.
  2625 | D:4      | Noticed a black bear
  2633 | D:4      | Killed a black bear
  2634 | D:4      | Reached skill level 5 in Fighting
  2634 | D:4      | Reached skill level 5 in Shields
  2634 | D:4      | Reached XP level 6. HP: 38/51 MP: 6/6
  2940 | D:4      | Found a sparkling altar of Nemelex Xobeh.
  3037 | D:4      | Became a worshipper of Nemelex Xobeh the Trickster
  3131 | D:4      | Gained mutation: You passively dampen the noise of your
                  | surroundings. [potion of mutation]
  3131 | D:4      | Gained mutation: You possess an exceptional clarity of
                  | mind. [potion of mutation]
  3147 | D:5      | Entered Level 5 of the Dungeon
  3391 | D:5      | Reached skill level 1 in Invocations
  3407 | D:5      | Identified the +6 leather armour of Toapuphywet {rPois
                  | Will++}
  3457 | D:5      | Identified the +6 spear of the Sun {pain, rElec rPois Str+2
                  | Int+3}
  3469 | D:5      | Noticed an ogre
  3479 | D:5      | Killed an ogre
  3480 | D:5      | Reached XP level 7. HP: 56/56 MP: 6/8
  3566 | D:5      | Identified the ring of Ellicat {Str+6 Dex+3}
  3569 | D:5      | Noticed flotson's ghost (weakling DsDe)
  3682 | D:5      | Found a transporter.
  3682 | D:5      | Found a transporter.
  3756 | D:5      | Found a staircase to the Ecumenical Temple.
  4059 | D:6      | Noticed Eustachio
  4071 | D:6      | Killed Eustachio
  4072 | D:6      | Reached XP level 8. HP: 57/64 MP: 8/10
  4124 | D:6      | Reached skill level 6 in Fighting
  4124 | D:6      | Reached skill level 1 in Evocations
  4142 | D:6      | Found a glowing golden altar of the Shining One.
  4188 | D:6      | Reached * piety under Nemelex Xobeh
  4207 | D:6      | Identified the +9 trident "Atiquri" {freeze, rC+}
  4302 | D:6      | Found a glowing drain.
  4308 | Sewer    | Entered a sewer
  4634 | D:6      | Found a radiant altar of Vehumet.
  4641 | D:6      | Reached skill level 5 in Armour
  4654 | D:6      | Noticed a yak
  4655 | D:6      | Noticed a yak
  4656 | D:6      | Noticed a yak
  4656 | D:6      | Noticed a yak
  4664 | D:6      | Killed a yak
  4671 | D:6      | Killed a yak
  4672 | D:6      | Reached XP level 9. HP: 42/71 MP: 12/12
  4679 | D:6      | Reached skill level 7 in Fighting
  4679 | D:6      | Reached skill level 5 in Invocations
  5120 | D:6      | Noticed a two-headed ogre
  5128 | D:6      | Mangled by a two-headed ogre

Illustrated notes

Levels and vault maps discovered:
D:1:      enne_arrival_octagon_isle, layout_loops_ring,
          hellmonk_ecumenical_altar_leap_of_faith, hangedman_glass_garden,
          minmay_heptomino_o4
D:2:      layout_basic, serial_shops, shop_statue
D:3:      layout_rooms, gammafunk_ghost_mausoleum
D:4:      layout_loops_corners, nemelex_diamond_rough_becter,
          grunt_decor_one_mirror, skrybe_limestone_x
D:5:      layout_rooms, minmay_temple_entry_enclosed_plants,
          gammafunk_ghost_gnarly_gnolls
D:6:      layout_basic, kennysheep_little_box, lemuel_tele_altar,
          serial_corexii_hall, corexii_hall_statues_x, chequers_hall_statues_y,
          portal_sewer_entry_e, roderic_lattice_a, serial_bayou_pond_c,
          uniq_blork_the_orc, uniq_eustachio

Skill      XL: |  1  2  3  4  5  6  7  8  9 |
---------------+----------------------------+-----
Dodging        | 1 2 3 |  3.5
Fighting       | 4 5 6 7 |  7.2
Axes           | 3 4 |  4.5
Armour         | 4 5 |  5.6
Shields        | 5 6 |  6.7
Invocations    | 1 3 4 5 |  5.5
Evocations     | 2 |  2.7

Action                   |  1- 3 |  4- 6 |  7- 9 || total
-------------------------+-------+-------+-------++-------
Melee: War axe           |    80 |   138 |   145 ||   363
  Use: Potion            |     2 |     5 |     2 ||     9
       Scroll            |     2 |     6 |     3 ||    11
 Stab: Sleeping          |       |       |     1 ||     1
Armor: Scale mail        |    32 |    74 |       ||   106
       Leather armour    |       |       |    30 ||    30
Dodge: Dodged            |    54 |    96 |    75 ||   225
Block: Buckler           |    23 |    48 |    38 ||   109

Table legend: (Time is in decaauts)
 A = Elapsed time spent in this place.
 B = Non-inter-level travel time spent in this place.
 C = Inter-level travel time spent in this place.
 D = Time resting spent in this place.
 E = Time spent auto-exploring this place.
 F = Levels seen in this place.
 G = Mean time per level.
                   A        B        C        D        E       F      G
               +--------+--------+--------+--------+--------+-----+--------+
         Total |   5281 |   5059 |    222 |     39 |   3923 |   7 |  754.4 |
       Dungeon |   5059 |   4837 |    222 |     39 |   3777 |   6 |  843.2 |
         Sewer |    222 |    222 |      0 |      0 |    146 |   1 |  222.0 |
               +--------+--------+--------+--------+--------+-----+--------+

Top non-repeatable levels by time:
     D:4: 950 daAuts
     D:5: 926 daAuts
     D:6: 908 daAuts
     D:1: 900 daAuts
     D:2: 823 daAuts
     D:3: 549 daAuts
   Sewer: 222 daAuts
